Map: Discordance EC

Players

llllllllllll

  • Race: Zerg Zerg
  • League: Grandmaster
  • Spawn Location: 1:00

llllllllllll - Winner!

  • Race: Protoss Protoss
  • League: Grandmaster
  • Spawn Location: 7:00

VOD

Have the link to the VOD?

Description

Time

  • Played on: May 2, 2019, 2:10 p.m.
  • Length: 12:27
Show
View Real Time Build Order
Export as new Build Order

llllllllllll Zerg 

Build Orders: Pool First 

Get SALT Encoding   

  12  0:00  Drone  
  13  0:12  Overlord  
  13  0:17  Drone  
  14  0:30  Drone x2  
  16  0:36  Drone  
  17  0:52  Drone  
  17  0:56  Drone  
  19  1:04  Extractor  
  19  1:05  Spawning Pool  
  19  1:06  Drone  
  18  1:18  Hatchery  
  18  1:21  Drone  
  18  1:28  Drone  
  19  1:41  Drone  
  20  1:54  Hatchery  
  20  1:59  Queen  
  21  2:06  Metabolic Boost  
  21  2:11  Overlord  
  21  2:17  Drone  
  22  2:30  Queen  
  22  2:31  Zergling x2  
  22  2:34  Zergling x4  
  27  2:44  Zergling x2  
  27  2:47  Drone x2  
  30  3:03  Zergling x2  
  30  3:04  Zergling x4  
  32  3:15  Drone x4  
  32  3:16  Drone x2  
  37  3:32  Zergling x8  
  41  3:35  Overlord  
  41  3:52  Overlord, Drone  
  41  3:53  Queen  
  43  4:01  Lair  
  43  4:02  Zergling x14  
  49  4:16  Zergling x2  
  49  4:17  Zergling x14  
  55  4:21  Drone x2  
  55  4:37  Drone x4, Roach Warren  
  55  4:46  Drone x2  
  55  4:47  Extractor x2  
  55  4:48  Drone  
  53  4:53  Overlord  
  53  4:54  Drone x3  
  52  5:12  Overseer  
  47  5:22  Roach x4  
  47  5:23  Overlord  
  54  5:33  Overseer  
  54  5:40  Drone x3  
  54  5:41  Extractor  
  54  5:55  Roach x3  
  56  6:03  Glial Reconstitution  
  55  6:08  Drone x2  
  55  6:09  Drone x5  
  55  6:10  Drone x2  
  64  6:23  Spire, Drone  
  64  6:24  Drone x2  
  66  6:26  Overlord x3  
  66  6:27  Overlord  
  66  6:38  Overseer  
  66  6:44  Overlord x2  
  66  6:48  Roach  
  66  6:49  Roach x4  
  66  6:51  Roach x4  
  84  7:05  Drone x10  
  84  7:07  Extractor  
  92  7:09  Extractor  
  85  7:34  Overlord x2  
  85  7:53  Mutalisk x8  
  100  8:06  Drone x5  
  105  8:16  Roach x5  
  113  8:23  Overlord x3  
  113  8:32  Ravager  
  114  8:45  Roach x8  
  130  8:53  Roach  
  130  8:54  Roach x3  
  136  9:09  Ravager x3  
  135  9:17  Overlord  
  135  9:34  Overlord  
  135  9:38  Mutalisk x5  
  137  9:40  Overlord x4  
  145  9:54  Roach  
  145  9:55  Roach x3  
  145  9:56  Ravager  
  154  10:04  Roach x9  
  154  10:06  Overlord  
  172  10:09  Ravager x2  
  172  10:21  Roach x5  
  182  10:26  Overlord  
  182  10:34  Mutalisk  
  182  10:35  Mutalisk x3  
  190  10:47  Roach  
  190  10:48  Roach x4  
  122  10:57  Roach x4  
  92  11:22  Mutalisk x5  
  64  11:43  Mutalisk x2  
  44  12:03  Mutalisk x4  
Show
View Real Time Build Order
Export as new Build Order

llllllllllll Protoss - Winner!

Build Orders: 1 Gate Expand, Archon Immortal, Archon Drop, Dark Templar Rush 

Get SALT Encoding   

  12  0:00  Probe  
  13  0:12  Probe  
  14  0:19  Pylon  
  14  0:24  Probe  
  15  0:33  Probe  
  15  0:39  Gateway  
  15  0:41  Probe  
  16  0:48  Assimilator  
  17  0:52  Probe  
  18  1:00  Pylon  
  18  1:04  Probe  
  19  1:16  Probe  
  20  1:28  Nexus  
  20  1:38  Cybernetics Core  
  20  1:41  Probe  
  20  1:46  Assimilator  
  21  1:53  Probe  
  22  1:55  Pylon  
  22  2:05  Adept, Probe  
  25  2:17  Probe  
  26  2:29  Probe  
  27  2:30  Warp Gate  
  27  2:34  Twilight Council  
  27  2:35  Stalker  
  27  2:36  Probe  
  29  2:37  Probe  
  31  2:44  Probe  
  31  2:45  Probe  
  33  2:54  Probe  
  33  2:55  Probe  
  35  3:03  Robotics Facility  
  35  3:07  Probe  
  35  3:08  Probe  
  37  3:19  Dark Shrine, Probe  
  38  3:20  Probe  
  38  3:27  Gateway  
  39  3:29  Gateway  
  39  3:31  Probe  
  39  3:32  Probe  
  39  3:38  Adept  
  39  3:42  Pylon  
  39  3:43  Probe  
  39  3:44  Assimilator  
  39  3:48  Shield Battery  
  42  3:50  Probe  
  42  3:55  Probe  
  44  3:58  Warp Prism  
  46  4:03  Assimilator  
  46  4:04  Probe  
  47  4:10  Pylon  
  47  4:11  Pylon  
  47  4:12  Probe  
  47  4:16  Probe  
  49  4:20  Pylon  
  49  4:21  Pylon  
  49  4:24  Probe  
  49  4:27  Zealot  
  49  4:28  Probe  
  53  4:36  Probe  
  54  4:39  Pylon  
  54  4:40  Probe  
  55  4:51  Zealot  
  57  4:52  Gateway  
  57  4:53  Dark Templar  
  57  4:56  Dark Templar  
  57  4:57  Probe  
  57  4:58  Probe  
  59  5:09  Probe  
  59  5:12  Dark Templar  
  59  5:14  Gateway  
  59  5:15  Immortal  
  56  5:28  Dark Templar  
  56  5:30  Pylon  
  56  5:34  Dark Templar  
  59  5:49  Immortal  
  57  5:53  Probe  
  57  5:54  Probe  
  57  5:55  Nexus  
  62  6:02  Dark Templar  
  64  6:06  Pylon  
  64  6:11  Archon x2  
  65  6:15  Probe  
  65  6:17  Charge  
  65  6:18  Probe  
  66  6:20  Forge  
  66  6:27  Probe  
  66  6:32  Immortal, Probe  
  68  6:34  Cybernetics Core, Zealot  
  74  6:44  Pylon  
  74  6:53  Probe  
  75  6:57  Gateway  
  75  7:06  Immortal  
  75  7:11  Gateway  
  75  7:12  Gateway  
  79  7:17  Protoss Ground Weapons Level 1  
  79  7:32  Assimilator  
  79  7:37  Sentry x3  
  79  7:38  Immortal, Gateway  
  79  7:39  Probe  
  79  7:41  Probe  
  87  7:47  Probe  
  92  7:51  Probe  
  93  8:00  Photon Cannon  
  93  8:09  Dark Templar x4  
  93  8:11  Pylon  
  99  8:12  Pylon  
  99  8:19  Photon Cannon  
  99  8:22  Archon x2, Probe x2  
  99  8:25  Photon Cannon  
  101  8:27  Shield Battery  
  101  8:30  Probe  
  102  8:35  Observer  
  102  8:38  Assimilator  
  102  8:39  Assimilator  
  102  8:41  Dark Templar x4  
  105  8:42  Zealot x2  
  105  8:46  Pylon  
  105  8:47  Archon  
  105  8:48  Archon  
  115  8:49  Pylon  
  110  9:06  Photon Cannon  
  110  9:07  Probe  
  111  9:10  Probe  
  111  9:13  Dark Templar x2  
  111  9:14  Zealot x4  
  111  9:15  Probe  
  123  9:19  Archon, Probe  
  124  9:24  Probe  
  125  9:35  Pylon, Dark Templar  
  125  9:36  Dark Templar, Zealot x2  
  133  9:39  Archon  
  133  9:49  Pylon  
  133  9:50  Protoss Ground Weapons Level 2  
  133  9:55  Zealot x4  
  141  10:08  Dark Templar x2  
  141  10:09  Pylon  
  145  10:18  Archon  
  145  10:24  Pylon  
  145  10:25  Pylon  
  145  10:27  Shield Battery  
  143  10:29  Stalker x5  
  131  10:56  Zealot x8  
  110  11:17  Stalker x4  
  116  11:22  Sentry x3  
  105  11:40  Dark Templar x2  
  105  11:41  Probe  
  108  11:52  Sentry x2  
  108  11:53  Archon, Probe  
  109  12:05  Probe  
  109  12:10  Probe  
  109  12:11  Probe  
Tags
 
Add a new tag
Caveats
  • Supply blocks, unpowered buildings, or Contaminate may cause inaccurate times.
  • Supply counts are checked every 10 seconds.